 Dungeon Crawl Stone Soup version 0.20.0-10-g0535bb4 (webtiles) character file.

9209 Jawreze the Basher (level 11, -9/60 HPs)
             Began as a Gargoyle Fighter on June 4, 2017.
             Was a High Priest of Okawaru.
             Mangled by Gastronok (22 damage)
             ... on level 2 of the Lair of Beasts.
             The game lasted 00:22:10 (11739 turns).

Jawreze the Basher (Gargoyle Fighter)              Turns: 11739, Time: 00:22:11

Health: -9/60      AC: 16    Str: 21    XL:     11   Next: 42%
Magic:  11/11      EV:  9    Int: 10    God:    Okawaru [*****.]
Gold:   355        SH: 12    Dex: 10    Spells: 10/10 levels left

rFire    . . .     SeeInvis .   y - +0 morningstar
rCold    . . .     Gourm    .   c - +0 shield
rNeg     + . .     Faith    .   u - +3 ring mail
rPois    ∞         Spirit   .   (no helmet)
rElec    +         Reflect  .   (no cloak)
rCorr    .         Harm     .   (no gloves)
MR       .....                  (no boots)
Stlth    ..........             (no amulet)
Regen    0.2/turn               (no ring)
MPRegen  0.2/turn               (no ring)

@: no status effects
A: negative energy resistance 1, electricity resistance, unbreathing,
petrification resistance, rot immunity, AC +7
a: Heroism, Finesse, Renounce Religion


You were on level 2 of the Lair of Beasts.
You worshipped Okawaru.
Okawaru was extremely pleased with you.
You were not hungry.

You visited 3 branches of the dungeon, and saw 13 of its levels.

You collected 553 gold pieces.
You spent 198 gold pieces at shops.

Inventory:

Hand Weapons
 y - a +0 morningstar (weapon)
Missiles
 J - 6 tomahawks of returning (quivered)
Armour
 c - a +0 shield (worn)
 u - a +3 ring mail (worn)
Jewellery
 t - an uncursed ring of positive energy {unknown}
 F - an uncursed ring of wizardry {unknown}
Wands
 v - a wand of acid (6/15)
 B - a wand of lightning (9/15)
 E - a wand of lightning (7/15)
 I - a wand of flame (29/48)
 K - a wand of lightning (10/15)
 N - a wand of confusion (24/48)
Scrolls
 d - a scroll of noise {unknown}
 e - a scroll of blinking {unknown}
 g - 7 scrolls of teleportation
 i - a scroll of immolation {unknown}
 j - 3 scrolls of amnesia {unknown}
 k - 3 scrolls of remove curse
 n - 14 scrolls of identify {unknown}
 o - a scroll of enchant weapon {unknown}
 q - 2 scrolls of enchant armour {unknown}
 s - 5 scrolls of magic mapping {unknown}
 w - a scroll of fear {unknown}
Potions
 l - 8 potions of curing
 m - 4 potions of lignification
 p - 3 potions of magic {unknown}
 r - 3 potions of haste
 z - 2 potions of brilliance {unknown}
 C - a potion of heal wounds {unknown}
 G - a potion of berserk rage
 L - a potion of flight {unknown}
 M - a potion of might
Books
 x - a book of Cantrips

   Spells                             Type                      Level
   a - Confusing Touch                Hexes                        1
   b - Animate Skeleton               Necromancy                   1
   c - Summon Small Mammal            Summoning                    1
   d - Apportation                    Translocation                1
 A - a Young Poisoner's Handbook

   Spells                             Type                      Level
   a - Sting                          Conjuration/Poison           1
   b - Poisonous Vapours              Poison/Air                   2
   c - Mephitic Cloud                 Conjuration/Poison/Air       3
   d - Olgreb's Toxic Radiance        Poison                       4
   e - Venom Bolt                     Conjuration/Poison           5
 D - a book of Minor Magic

   Spells                             Type                      Level
   a - Magic Dart                     Conjuration                  1
   b - Blink                          Translocation                2
   c - Call Imp                       Summoning                    2
   d - Slow                           Hexes                        2
   e - Conjure Flame                  Conjuration/Fire             3
   f - Mephitic Cloud                 Conjuration/Poison/Air       3
 H - a book of Air

   Spells                             Type                      Level
   a - Shock                          Conjuration/Air              1
   b - Swiftness                      Charms/Air                   2
   c - Static Discharge               Conjuration/Air              3
   d - Airstrike                      Air                          4
   e - Lightning Bolt                 Conjuration/Air              5
Comestibles
 a - 7 fruits
 b - 4 meat rations
 f - 10 bread rations
 h - 2 royal jellies
 O - 3 chunks of flesh


   Skills:
 - Level 3.2 Fighting
 * Level 13.9 Maces & Flails
 - Level 3.2 Armour
 + Level 11.4 Shields


You had 10 spell levels left.
You didn't know any spells.

Dungeon Overview and Level Annotations

Branches:
Dungeon (10/15)            Temple (1/1) D:6            Lair (2/6) D:9
  Swamp: Lair:2-4    Shoals: Lair:2-4     Snake: Lair:2-4    Spider: Lair:2-4
    Orc: D:9-12

Altars:
Ashenzari
Dithmenos
Fedhas
Gozag
Hepliaklqana
Makhleb
Nemelex Xobeh
Okawaru
Qazlal
Ru
Sif Muna
Uskayaw
Vehumet
Yredelemnul
The Shining One

Shops:
D:9 *!

Annotations:
D:6 Turgon's ghost, novice OpFi
Lair:2 Gastronok


Innate Abilities, Weirdness & Mutations

You are resistant to torment.
Your stone body is resilient. (AC +7)
You are immune to poison.
You resist negative energy. (rN+)
You are resistant to electric shocks. (rElec)
You can survive without breathing.
You are immune to petrification.
You are immune to rotting.


Message History

Okawaru accepts your kill.
Gastronok waves his eye-stalks in wide circles.
The air twists around and strikes you!
* * * LOW HITPOINT WARNING * * *
You are too injured to fight recklessly!
You are too injured to fight recklessly!
You are too injured to fight recklessly!
You are too injured to fight recklessly!
You are too injured to fight recklessly!
You are too injured to fight recklessly!
You are too injured to fight recklessly!
You hit Gastronok.
Gastronok is lightly wounded.
You hit Gastronok.
Gastronok is lightly wounded.
You sock Gastronok!
Gastronok is lightly wounded.
Gastronok is buffeted by a sudden breeze.
Gastronok bites you!!
You die...

.............##
.####..#####.#
#.### ### #...#
#..## #.
##.+P###..#
###>........#
#...........#
#.#..@.......
#.....w.....+
#..#.........#
#..#..........
).. ..$.......^
.. #P..........
##..........
#.##P.....^


You could see Gastronok.

Vanquished Creatures
  A hydra (Lair:1)
  A two-headed ogre (D:9)
  The ghost of Dominolapin the Fighter, a novice DsWr of Yredelemnul (D:8)
  4 spiny frogs (Lair:1)
  A rime drake (Lair:1)
  2 komodo dragons
  A troll (D:9)
  Grinder (D:6)
  The ghost of Jawreze the Cudgeler, an amateur GrFi (D:3)
  A spriggan (D:8)
  A wyvern (D:9)
  A hungry ghost (D:10)
  Menkaure (D:5)
  3 water moccasins
  3 porcupines (Lair:1)
  3 orc warriors
  3 sky beasts
  An ice beast (D:7)
  An ogre (D:6)
  A phantom (D:9)
  A necrophage (D:8)
  A crocodile (Lair:1)
  5 centaurs
  A big kobold (D:7)
  9 bullfrogs
  7 scorpions
  A howler monkey (D:6)
  3 crimson imps
  2 bullfrog zombies
  3 hounds
  2 jellies
  3 orc priests
  2 centaur skeletons
  2 bullfrog skeletons
  6 orc wizards
  An iguana (D:6)
  6 worker ants
  A hound zombie (D:7)
  2 worker ant zombies
  4 gnolls (D:6)
  A howler monkey zombie (D:6)
  17 adders
  2 river rats (D:6)
  2 adder zombies
  8 worms
  4 dart slugs
  4 leopard geckos
  30 orcs
  2 ball pythons
  3 giant cockroaches
  7 goblins
  13 hobgoblins
  6 jackals
  2 quokkas (D:3)
  5 bats
  7 frilled lizards
  16 kobolds
  A leopard gecko skeleton (D:6)
  8 rats
232 creatures vanquished.

Vanquished Creatures (others)
  3 plants (D:9)
3 creatures vanquished.

Grand Total: 235 creatures vanquished

Notes
Turn   | Place    | Note
-------+----------+-------------------------------------------
     0 | D:1      | Jawreze the Gargoyle Fighter began the quest for the Orb.
     0 | D:1      | Reached XP level 1. HP: 14/14 MP: 1/1
    98 | D:1      | Reached XP level 2. HP: 19/19 MP: 2/2
   541 | D:1      | Reached skill level 3 in Maces & Flails
   774 | D:2      | Reached XP level 3. HP: 23/23 MP: 3/3
  1046 | D:2      | Reached XP level 4. HP: 27/28 MP: 4/4
  1101 | D:2      | Found a basalt altar of Yredelemnul.
  1442 | D:2      | Found a deep blue altar of Sif Muna.
  1589 | D:3      | Noticed Jawreze's ghost (amateur GrFi)
  1784 | D:3      | Found a blossoming altar of Fedhas.
  1784 | D:3      | Found a shadowy altar of Dithmenos.
  1885 | D:3      | Killed Jawreze's ghost
  1885 | D:3      | Reached skill level 5 in Maces & Flails
  1885 | D:3      | Reached XP level 5. HP: 3/32 MP: 5/5
  1885 | D:3      | Reached XP level 6. HP: 3/37 MP: 6/6
  1890 | D:3      | Reached skill level 5 in Shields
  2504 | D:3      | Found a faded altar of an unknown god.
  2539 | D:3      | Found a stormy altar of Qazlal.
  2851 | D:3      | Found a glowing golden altar of the Shining One.
  3319 | D:4      | Reached skill level 6 in Maces & Flails
  3319 | D:4      | Reached XP level 7. HP: 41/41 MP: 7/7
  3916 | D:5      | Entered Level 5 of the Dungeon
  4111 | D:5      | Found a stormy altar of Qazlal.
  4153 | D:5      | Reached skill level 7 in Maces & Flails
  4252 | D:5      | Noticed Menkaure
  4261 | D:5      | Killed Menkaure
  4261 | D:5      | Reached XP level 8. HP: 46/46 MP: 8/8
  4553 | D:5      | Found a sacrificial altar of Ru.
  5066 | D:5      | Reached skill level 8 in Maces & Flails
  5264 | D:6      | Noticed Grinder
  5294 | D:6      | Paralysed by Grinder for 5 turns
  5321 | D:6      | Killed Grinder
  5397 | D:6      | Reached skill level 9 in Maces & Flails
  5535 | D:6      | Found a staircase to the Ecumenical Temple.
  5545 | Temple   | Entered the Ecumenical Temple
  5559 | Temple   | Became a worshipper of Warmaster Okawaru
  5672 | D:6      | Noticed Turgon's ghost (novice OpFi)
  5711 | D:6      | Found a shattered altar of Ashenzari.
  5829 | D:6      | Reached XP level 9. HP: 51/51 MP: 9/9
  6222 | D:6      | Found a hide-covered altar of Uskayaw.
  6496 | D:7      | Reached skill level 10 in Maces & Flails
  6589 | D:7      | Reached * piety under Okawaru
  6812 | D:7      | Found an iron altar of Okawaru.
  7461 | D:8      | Noticed Dominolapin's ghost (novice DsWr)
  7615 | D:8      | Killed Dominolapin's ghost
  7615 | D:8      | Reached ** piety under Okawaru
  7615 | D:8      | Reached skill level 11 in Maces & Flails
  7615 | D:8      | Reached XP level 10. HP: 46/56 MP: 10/10
  8227 | D:9      | Found a staircase to the Lair.
  8546 | D:9      | Noticed a two-headed ogre
  8561 | D:9      | Killed a two-headed ogre
  8561 | D:9      | Reached *** piety under Okawaru
  8561 | D:9      | Reached skill level 12 in Maces & Flails
  8561 | D:9      | Reached skill level 10 in Shields
  8972 | D:9      | Found Tesunylo's Distillery.
  8981 | D:9      | Bought a potion of berserk rage for 55 gold pieces
  8981 | D:9      | Bought a potion of lignification for 33 gold pieces
  8981 | D:9      | Bought a potion of haste for 110 gold pieces
  8994 | D:9      | Found Miteg's Assorted Antiques.
  9008 | D:9      | Found a radiant altar of Vehumet.
  9512 | D:9      | Found a sparkling altar of Nemelex Xobeh.
 10087 | D:10     | Entered Level 10 of the Dungeon
 10437 | Lair:1   | Entered Level 1 of the Lair of Beasts
 10484 | Lair:1   | Noticed a spiny frog
 10490 | Lair:1   | Killed a spiny frog
 10490 | Lair:1   | Reached **** piety under Okawaru
 10547 | Lair:1   | Reached skill level 13 in Maces & Flails
 10561 | Lair:1   | Noticed a spiny frog
 10575 | Lair:1   | Killed a spiny frog
 10575 | Lair:1   | Received a gift from Okawaru
 10575 | Lair:1   | Reached XP level 11. HP: 24/60 MP: 8/11
 11373 | Lair:1   | Noticed a seven-headed hydra
 11381 | Lair:1   | Killed a seven-headed hydra
 11381 | Lair:1   | Reached ***** piety under Okawaru
 11387 | Lair:1   | Received a gift from Okawaru
 11717 | Lair:2   | Noticed Gastronok
 11739 | Lair:2   | Mangled by Gastronok

Skill      XL: |  1  2  3  4  5  6  7  8  9 10 11 |
---------------+----------------------------------+-----
Maces & Flails | 3 5 6 7 9 11 13 | 13.9
Shields        | 4 5 6 7 9 10 11 | 11.4
Fighting       | |  3.2
Armour         | |  3.2

Action                   |  1- 3 |  4- 6 |  7- 9 | 10-12 || total
-------------------------+-------+-------+-------+-------++-------
Melee: Flail             |   117 |   197 |   157 |       ||   471
       Morningstar       |       |       |   380 |   321 ||   701
Throw: Tomahawk          |       |       |       |     8 ||     8
Invok: Heroism           |       |       |       |     5 ||     5
  Use: Potion            |       |     1 |     2 |       ||     3
       Scroll            |       |     2 |     1 |       ||     3
  Eat: Chunk             |     1 |     7 |    11 |     9 ||    28
       Royal jelly       |       |       |     1 |     1 ||     2
       Fruit             |       |       |     2 |       ||     2
       Meat ration       |       |       |       |     1 ||     1
Armor: Scale mail        |    46 |    36 |       |       ||    82
       Ring mail         |       |    52 |   191 |   117 ||   360
Dodge: Dodged            |    39 |    51 |   122 |    75 ||   287
Block: Shield            |    52 |   109 |   261 |   174 ||   596
